 Dungeon Crawl Stone Soup version 0.27-a0-931-g5a74e75d8f (webtiles) character file.

Game seed: 11651381980169893111

8 Alarkh the Insei (level 2, 22/22 HPs)
             Began as a Demonspawn Gladiator on Apr 10, 2021.
             Got out of the dungeon alive.
             The game lasted 00:00:30 (762 turns).

Alarkh the Insei (Demonspawn Gladiator)              Turns: 762, Time: 00:00:30

Health: 22/22      AC:  4    Str: 14    XL:     2   Next: 0%
Magic:  2/2        EV: 12    Int:  9    God:
Gold:   28         SH:  0    Dex: 14    Spells: 1/1 levels left

rFire    . . .     SeeInvis .     - Unarmed
rCold    . . .     Faith    .   (no shield)
rNeg     . . .     Spirit   .   a - +0 leather armour
rPois    .         Reflect  .   b - +0 helmet
rElec    .         Harm     .   (no cloak)
rCorr    .         Rampage  .   (no gloves)
Will     .....                  (no boots)
Stlth    +.........             (no amulet)
HPRegen  0.07/turn              (no ring)
MPRegen  0.08/turn              (no ring)

@: no status effects
A: talons 1
a: no special abilities


You escaped.
You visited 1 branch of the dungeon, and saw 2 of its levels.

You collected 28 gold pieces.

Inventory:

Missiles
 c - 3 throwing nets (quivered)
Armour
 a - a +0 leather armour (worn)
 b - a +0 helmet (worn)
Scrolls
 d - a scroll of teleportation {unknown}
 f - a scroll of enchant weapon {unknown}
 g - a scroll of fog {unknown}
 h - a scroll of identify {unknown}
Potions
 e - a potion of mutation {unknown}
 i - a potion of flight {unknown}


   Skills:
 + Level 2.2 Fighting
 + Level 1.9 Throwing
 - Level 2.6 Dodging
 * Level 3.0 Unarmed Combat


You had one spell level left.
You didn't know any spells.
Your spell library was empty.

Dungeon Overview and Level Annotations

Branches:
Dungeon (2/15)

Altars:


Innate Abilities, Weirdness & Mutations

You have sharp toenails.


Message History

No target in view!
No target in view!
No target in view!
You see here a ball python corpse.
Found 17 stones.
You see here 17 stones.
You now have 21 gold pieces (gained 10).
Key pressed, stopping explore.
You see here a +0 dagger.
Done exploring.
No target in view!
Done exploring.
Done exploring.
(D) Dungeon
Where to? (? - help)
You see here 17 stones.
There is a stone staircase leading down here.
You climb downwards.
Found 7 gold pieces.
There is a stone staircase leading up here.
A bat comes into view.
A bat is nearby!
A bat is nearby!
The bat closely misses you.
You barely miss the bat. The bat barely misses you.
You hit the bat.
You kill the bat!
You have reached level 2!
Your demonic ancestry asserts itself...
Your toenails lengthen and sharpen.
You now have 28 gold pieces (gained 7).
A jackal comes into view.
There is a stone staircase leading up here.
You climb upwards.
There is a stone staircase leading down here.
You see here a ball python skeleton.
You see here 17 stones.
There is a staircase leading out of the dungeon here.
Are you sure you want to leave the Dungeon?
This will make you lose the game!
You have escaped!

....# ##.###..........##.#.###.
###.# #.# #.............#.###.
#.# #.# #................##. #.#
#.# ##.....#.######..##. #.#
########...#.# #..##. #.#
###....##.#.#.## #..##. #.#
##...##.##.#..).#####..##. #.#
##..####..##............... #.#
#..## ##.@###...#######.##
###.###.## #..# ##.## #...
#.#.##..# ##.## #.# ####...
.#..##.## ##..# #.#####......
....##..#####...#####..........†.
.#..##...##....###......###......
....##........## #.####.# ##.#..#
###.##.......#####.# #.# ##.#.##
#.##.(#..#)...##.# #.# #.(.#.#


There were no monsters in sight!

Vanquished Creatures
  A goblin (D:1)
  2 ball pythons (D:1)
  2 bats
  3 kobolds (D:1)
  A rat (D:1)
9 creatures vanquished.

Notes
Turn   | Place    | Note
-------+----------+-------------------------------------------
     0 | D:1      | Alarkh the Demonspawn Gladiator began the quest for the
                  | Orb.
     0 | D:1      | Reached XP level 1. HP: 16/16 MP: 1/1
   416 | D:1      | Reached skill level 3 in Unarmed Combat
   687 | D:2      | Gained mutation: You have sharp toenails. [demonic
                  | ancestry]
   687 | D:2      | Reached XP level 2. HP: 22/22 MP: 2/2
   762 | D:$      | Got out of the dungeon alive.

Illustrated notes

Levels and vault maps discovered:
D:1:      dpeg_arrival_round_b, layout_loops_ring
D:2:      layout_basic, basic_altar, grunt_ministairs_3

Skill      XL: |  1 |
---------------+----+-----
Unarmed Combat | 3 |  3.0
Fighting       | |  2.2
Throwing       | |  1.9
Dodging        | |  2.6

Action                   || total
-------------------------++-------
Melee: Unarmed           ||    14
 Stab: Sleeping          ||     1
Armor: Leather armour    ||     2
Dodge: Dodged            ||    11

Table legend: (Time is in decaauts)
 A = Elapsed time spent in this place.
 B = Non-inter-level travel time spent in this place.
 C = Inter-level travel time spent in this place.
 D = Time resting spent in this place.
 E = Time spent auto-exploring this place.
 F = Levels seen in this place.
 G = Mean time per level.
                   A        B        C        D        E       F      G
               +--------+--------+--------+--------+--------+-----+--------+
         Total |    761 |    657 |    104 |      0 |    597 |   2 |  380.5 |
       Dungeon |    761 |    657 |    104 |      0 |    597 |   2 |  380.5 |
               +--------+--------+--------+--------+--------+-----+--------+

Top non-repeatable levels by time:
     D:1: 737 daAuts
     D:2: 24 daAuts
